General information
- name: BNet
- type: Ladder team game (AT/RT)
- host: Battle.net
- saver: 333333333333333
map: FullScaleAssault
- players: 8
- length: 61:10
- speed: Fast
- version: 1.26 W3XP
- replay type: Public
» download(356 KB)
Players
team 1 (loser)

»
4v4rt (
teal | 64 APM | 3939 actions | 61:10)
5 Far Seer
2 Feral Spirit
3 Chain Lighting
4 Shadow Hunter
2 Hex
2 Healing Wave
» actions
| Assign group hotkey | 3 | |
| Basic commands | 6 | |
| Build / train | 149 | |
| ESC pressed | 3 | |
| Enter build submenu | 41 | |
| Enter hero's abilities submenu | 9 | |
| Give item / drop item | 1 | |
| Right click | 2598 | |
| Select / deselect | 883 | |
| Select group hotkey | 6 | |
| Use ability | 240 | |
3939 total
» units
| Peon | 41 | |
| Grunt | 6 | |
| Troll Headhunter/Berserker | 17 | |
| Shaman | 12 | |
| Troll Batrider | 36 | |
| Blue Dragon | 2 | |
| Blue Drake | 1 | |
| Demolisher | 3 | |
118 total
» upgrades
| Melee Weapons | 1 | |
| Armor | 1 | |
| Shaman Training | 2 | |
| Reinforced Defenses | 1 | |
| Berserker Upgrade | 1 | |
| Ranged Weapons | 1 | |
| Liquid Fire | 1 | |
| Burning Oil | 1 | |
9 total
» buildings
| Orc Burrow | 15 | |
| Barracks | 1 | |
| Altar of Storms | 1 | |
| War Mill | 1 | |
| Voodoo Lounge | 1 | |
| Stronghold | 1 | |
| Great Hall | 3 | |
| Spirit Lodge | 2 | |
| Fortress | 1 | |
| Watch Tower | 13 | |
| Beastiary | 1 | |
40 total
» build order
00:49 Orc Burrow
00:53 Barracks
00:59 Altar of Storms
01:09 Orc Burrow
01:53 War Mill
02:18 Voodoo Lounge
02:39 Orc Burrow
03:23 Orc Burrow
05:26 Stronghold
05:29 Great Hall
07:53 Spirit Lodge
07:56 Spirit Lodge
07:58 Fortress
09:07 Watch Tower
09:11 Watch Tower
09:22 Watch Tower
10:24 Watch Tower
14:00 Orc Burrow
14:03 Watch Tower
14:06 Watch Tower
14:11 Watch Tower
14:13 Watch Tower
15:24 Orc Burrow
15:25 Orc Burrow
16:53 Watch Tower
17:00 Orc Burrow
18:05 Beastiary
20:16 Orc Burrow
20:19 Watch Tower
20:21 Watch Tower
21:03 Orc Burrow
21:05 Orc Burrow
21:18 Orc Burrow
21:20 Orc Burrow
21:26 Watch Tower
21:30 Watch Tower
25:32 Great Hall
28:11 Orc Burrow
46:48 Great Hall
52:01 Orc Burrow
» items
| Healing Salve | 1 | |
| Lesser Clarity Potion | 1 | |
| Potion of Lesser Invulnerability | 1 | |
| Scroll of Healing | 1 | |
| Dust of Appearance | 1 | |
5 total
thatdudeagain (
blue | 54 APM | 2431 actions | 44:59)
8 Warden
3 Shadow Strike
3 Blink
1 Spirit of Vengeance
1 Fan of Knives
» actions
| Assign group hotkey | 39 | |
| Basic commands | 13 | |
| Build / train | 131 | |
| Enter build submenu | 30 | |
| Enter hero's abilities submenu | 8 | |
| Give item / drop item | 2 | |
| Right click | 986 | |
| Select / deselect | 492 | |
| Select group hotkey | 528 | |
| Use ability | 202 | |
2431 total
» units
| Wisp | 50 | |
| Archer | 19 | |
| Hippogryph | 17 | |
| Troll Batrider | 2 | |
| Dryad | 4 | |
| Giant Sea Turtle | 1 | |
| Makrura Snapper | 1 | |
| Mur'gul Snarecaster | 1 | |
| Makrura Deepseer | 1 | |
| Goblin Zeppelin | 1 | |
97 total
» upgrades
| Moon Armor | 3 | |
| Strength of the Moon | 4 | |
| Hippogryph Taming | 1 | |
| Ultravision | 1 | |
| Improved Bows | 1 | |
| Nature's Blessing | 1 | |
| Marksmanship | 1 | |
| Strength of the Wild | 3 | |
| Reinforced Hides | 2 | |
| Liquid Fire | 1 | |
| Abolish Magic | 1 | |
19 total
» buildings
| Altar of Elders | 2 | |
| Moon Well | 9 | |
| Ancient of War | 2 | |
| Ancient of Wonders | 1 | |
| Tree of Ages | 1 | |
| Hunter's Hall | 1 | |
| Tree of Life | 3 | |
| Ancient of Wind | 2 | |
| Ancient Protector | 15 | |
| Tree of Eternity | 1 | |
| Ancient of Lore | 1 | |
38 total
» build order
00:07 Altar of Elders
00:13 Moon Well
01:09 Ancient of War
01:40 Moon Well
02:15 Ancient of War
02:37 Moon Well
02:59 Ancient of Wonders
04:32 Tree of Ages
05:11 Hunter's Hall
06:14 Moon Well
06:54 Tree of Life
07:01 Ancient of Wind
07:24 Ancient of Wind
08:22 Ancient Protector
08:27 Ancient Protector
08:32 Ancient Protector
13:10 Tree of Eternity
13:37 Ancient Protector
13:38 Ancient Protector
13:38 Ancient Protector
14:48 Ancient Protector
14:49 Ancient Protector
16:44 Moon Well
16:44 Moon Well
18:58 Ancient Protector
21:49 Moon Well
21:52 Moon Well
21:57 Ancient Protector
23:51 Ancient Protector
23:55 Ancient Protector
26:24 Ancient Protector
26:25 Ancient Protector
26:26 Ancient Protector
29:15 Ancient of Lore
37:19 Tree of Life
38:53 Tree of Life
44:51 Altar of Elders
44:54 Moon Well
» items
| Staff of Teleportation | 1 | |
| Boots of Speed | 1 | |
| Orb of Lightning | 1 | |
| Potion of Healing | 1 | |
4 total
FuccBoi (
orange | 62 APM | 3797 actions | 61:10)
10 Archmage
3 Summon Water Elemental
3 Brilliance Aura
1 Mass Teleport
3 Blizzard
1 Blademaster
1 Wind Walk
» actions
| Assign group hotkey | 103 | |
| Basic commands | 282 | |
| Build / train | 113 | |
| Enter build submenu | 60 | |
| Enter hero's abilities submenu | 11 | |
| Give item / drop item | 3 | |
| Remove unit from queue | 2 | |
| Right click | 1138 | |
| Select / deselect | 578 | |
| Select group hotkey | 1188 | |
| Use ability | 319 | |
3797 total
» units
| Peasant | 12 | |
| Footman | 4 | |
| Goblin Shredder | 2 | |
| Goblin Zeppelin | 1 | |
| Gryphon Rider | 8 | |
| Dragonhawk Rider | 13 | |
| Blue Dragon | 5 | |
| Goblin Sapper | 6 | |
51 total
» upgrades
| Masonry | 1 | |
| Swords | 3 | |
| Armor | 3 | |
| Animal War Training | 1 | |
| Cloud | 1 | |
| Magic Sentry | 1 | |
| Storm Hammers | 1 | |
| Priest Training | 1 | |
12 total
» buildings
| Altar of Kings | 1 | |
| Barracks | 1 | |
| Farm | 8 | |
| Arcane Vault | 1 | |
| Keep | 1 | |
| Town Hall | 4 | |
| Lumber Mill | 1 | |
| Scout Tower | 47 | |
| Guard Tower | 14 | |
| Castle | 1 | |
| Gryphon Aviary | 4 | |
| Blacksmith | 2 | |
| Arcane Sanctum | 1 | |
| Arcane Tower | 3 | |
89 total
» build order
00:36 Altar of Kings
00:37 Barracks
00:50 Farm
01:05 Farm
01:09 Farm
01:37 Farm
03:00 Arcane Vault
03:51 Keep
04:35 Town Hall
05:10 Lumber Mill
06:09 Scout Tower
06:09 Scout Tower
06:10 Scout Tower
06:10 Scout Tower
06:11 Scout Tower
06:11 Scout Tower
07:01 Guard Tower
07:03 Guard Tower
07:11 Guard Tower
07:25 Castle
07:59 Gryphon Aviary
08:00 Gryphon Aviary
08:01 Gryphon Aviary
08:03 Gryphon Aviary
08:37 Scout Tower
08:38 Scout Tower
08:39 Scout Tower
08:41 Scout Tower
08:41 Scout Tower
08:42 Scout Tower
09:24 Guard Tower
09:27 Blacksmith
09:28 Blacksmith
10:05 Guard Tower
10:38 Town Hall
10:40 Scout Tower
10:41 Scout Tower
10:41 Scout Tower
10:42 Scout Tower
10:43 Scout Tower
10:44 Scout Tower
10:45 Scout Tower
10:46 Scout Tower
12:27 Arcane Sanctum
13:24 Guard Tower
14:06 Scout Tower
14:07 Scout Tower
14:10 Scout Tower
14:12 Scout Tower
15:29 Scout Tower
15:50 Scout Tower
15:50 Scout Tower
15:51 Scout Tower
15:59 Scout Tower
16:02 Arcane Tower
17:59 Farm
17:59 Farm
18:08 Guard Tower
18:18 Guard Tower
18:40 Scout Tower
18:49 Farm
18:51 Farm
19:53 Guard Tower
22:16 Guard Tower
26:12 Arcane Tower
36:36 Town Hall
36:40 Scout Tower
36:40 Scout Tower
36:40 Scout Tower
36:41 Scout Tower
36:43 Scout Tower
36:43 Scout Tower
36:44 Scout Tower
36:44 Scout Tower
36:49 Scout Tower
37:20 Guard Tower
37:57 Guard Tower
39:24 Arcane Tower
41:41 Town Hall
41:43 Scout Tower
41:44 Scout Tower
41:44 Scout Tower
41:45 Scout Tower
41:46 Scout Tower
41:46 Scout Tower
41:47 Scout Tower
41:47 Scout Tower
42:19 Guard Tower
44:52 Guard Tower
» items
| Mechanical Critter | 4 | |
| Scroll of Town Portal | 4 | |
| Potion of Healing | 3 | |
| Potion of Lesser Invulnerability | 2 | |
| Scroll of Regeneration | 3 | |
| Staff of Teleportation | 1 | |
17 total

»
dbroadhu (
green | 40 APM | 984 actions | 24:33)
4 Blademaster
2 Wind Walk
2 Critical Strike
» actions
| Assign group hotkey | 16 | |
| Build / train | 50 | |
| Enter build submenu | 22 | |
| Enter hero's abilities submenu | 4 | |
| Give item / drop item | 1 | |
| Right click | 457 | |
| Select / deselect | 264 | |
| Select group hotkey | 118 | |
| Use ability | 52 | |
984 total
» units
| Peon | 21 | |
| Troll Headhunter/Berserker | 8 | |
| Troll Batrider | 6 | |
| Goblin Zeppelin | 1 | |
36 total
» upgrades
| Armor | 2 | |
| Ranged Weapons | 2 | |
| Spiked Barricades | 2 | |
6 total
» buildings
| Altar of Storms | 1 | |
| War Mill | 1 | |
| Orc Burrow | 9 | |
| Barracks | 1 | |
| Voodoo Lounge | 1 | |
| Stronghold | 1 | |
| Beastiary | 2 | |
| Watch Tower | 6 | |
| Fortress | 1 | |
| Great Hall | 1 | |
24 total
» build order
00:10 Altar of Storms
00:18 War Mill
00:36 Orc Burrow
01:31 Barracks
02:04 Orc Burrow
02:21 Voodoo Lounge
02:48 Orc Burrow
03:41 Stronghold
04:46 Orc Burrow
06:00 Orc Burrow
06:10 Beastiary
06:14 Beastiary
08:56 Watch Tower
09:33 Fortress
12:45 Great Hall
15:19 Orc Burrow
15:35 Orc Burrow
17:09 Orc Burrow
17:12 Orc Burrow
18:16 Watch Tower
18:28 Watch Tower
19:23 Watch Tower
19:37 Watch Tower
21:12 Watch Tower
» items
team 2 (winner)
Solo_Newbs (
purple | 28 APM | 1173 actions | 41:10)
7 Blademaster
3 Wind Walk
3 Critical Strike
1 Bladestorm
» actions
| Build / train | 69 | |
| Enter build submenu | 45 | |
| Enter hero's abilities submenu | 7 | |
| Give item / drop item | 2 | |
| Remove unit from queue | 1 | |
| Right click | 581 | |
| Select / deselect | 329 | |
| Use ability | 139 | |
1173 total
» units
» upgrades
| Ranged Weapons | 3 | |
| Armor | 4 | |
| Liquid Fire | 1 | |
| Reinforced Defenses | 1 | |
| Spiked Barricades | 2 | |
11 total
» buildings
| Altar of Storms | 1 | |
| Orc Burrow | 8 | |
| War Mill | 1 | |
| Voodoo Lounge | 1 | |
| Stronghold | 1 | |
| Watch Tower | 27 | |
| Fortress | 1 | |
| Beastiary | 3 | |
43 total
» build order
00:28 Altar of Storms
00:41 Orc Burrow
00:59 War Mill
01:35 Voodoo Lounge
01:44 Orc Burrow
03:04 Stronghold
03:15 Watch Tower
04:25 Orc Burrow
05:22 Orc Burrow
05:53 Fortress
06:51 Beastiary
06:51 Beastiary
06:53 Beastiary
11:12 Watch Tower
11:41 Watch Tower
11:43 Watch Tower
11:44 Watch Tower
11:57 Orc Burrow
12:19 Watch Tower
12:40 Watch Tower
12:45 Orc Burrow
13:57 Watch Tower
13:58 Watch Tower
14:11 Watch Tower
15:22 Watch Tower
16:55 Watch Tower
18:10 Watch Tower
18:50 Watch Tower
18:52 Orc Burrow
19:17 Watch Tower
19:34 Watch Tower
22:36 Orc Burrow
23:00 Watch Tower
23:01 Watch Tower
23:01 Watch Tower
23:02 Watch Tower
23:02 Watch Tower
23:03 Watch Tower
25:25 Watch Tower
25:26 Watch Tower
25:35 Watch Tower
25:36 Watch Tower
26:37 Watch Tower
» items
| Healing Salve | 1 | |
| Boots of Speed | 1 | |
| Circlet of Nobility | 7 | |
9 total
pasjfhsaldsh (
red | 21 APM | 1314 actions | 61:10)
8 Death Knight
3 Death Coil
3 Unholy Aura
1 Animate Dead
1 Death Pact
» actions
| Assign group hotkey | 50 | |
| Basic commands | 59 | |
| Build / train | 85 | |
| Enter build submenu | 18 | |
| Enter hero's abilities submenu | 8 | |
| Give item / drop item | 6 | |
| Right click | 303 | |
| Select / deselect | 278 | |
| Select group hotkey | 359 | |
| Use ability | 148 | |
1314 total
» units
| Acolyte | 11 | |
| Ghoul | 2 | |
| Crypt Fiend | 13 | |
| Goblin Zeppelin | 2 | |
| Goblin Shredder | 1 | |
| Banshee | 4 | |
| Frost Wyrm | 7 | |
40 total
» upgrades
| Burrow | 1 | |
| Web | 1 | |
| Creature Attack | 3 | |
| Creature Carapace | 3 | |
| Ghoul Frenzy | 1 | |
| Banshee Training | 2 | |
| Freezing Breath | 1 | |
12 total
» buildings
| Crypt | 2 | |
| Graveyard | 1 | |
| Ziggurat | 11 | |
| Altar of Darkness | 1 | |
| Tomb of Relics | 2 | |
| Nerubian Tower | 2 | |
| Necropolis | 1 | |
| Spirit Tower | 4 | |
| Halls of the Dead | 1 | |
| Black Citadel | 1 | |
| Sacrificial Pit | 1 | |
| Temple of the Damned | 2 | |
| Boneyard | 2 | |
| Slaughterhouse | 2 | |
33 total
» build order
00:25 Crypt
00:30 Graveyard
00:47 Ziggurat
01:06 Altar of Darkness
01:43 Ziggurat
01:56 Tomb of Relics
02:07 Nerubian Tower
05:11 Ziggurat
05:11 Ziggurat
05:12 Ziggurat
05:28 Necropolis
06:21 Nerubian Tower
06:23 Spirit Tower
07:27 Ziggurat
07:27 Ziggurat
07:31 Halls of the Dead
08:41 Spirit Tower
09:21 Tomb of Relics
10:12 Spirit Tower
11:08 Black Citadel
12:48 Sacrificial Pit
12:53 Temple of the Damned
13:46 Boneyard
13:47 Boneyard
13:53 Temple of the Damned
14:50 Ziggurat
14:51 Ziggurat
14:51 Ziggurat
14:52 Ziggurat
16:02 Spirit Tower
16:06 Crypt
32:01 Slaughterhouse
32:02 Slaughterhouse
» items
| Rod of Necromancy | 1 | |
| Sacrificial Skull | 3 | |
| Dust of Appearance | 1 | |
| Scroll of Town Portal | 5 | |
| Periapt of Vitality | 2 | |
| Potion of Lesser Invulnerability | 2 | |
| Staff of Teleportation | 1 | |
| Scroll of Regeneration | 1 | |
16 total
333333333333333 (
pink | 78 APM | 4776 actions | 61:10)
8 Archmage
2 Summon Water Elemental
3 Brilliance Aura
2 Blizzard
1 Mass Teleport
7 Blood Mage
3 Flame Strike
3 Banish
1 Summon Phoenix
» actions
| Assign group hotkey | 63 | |
| Basic commands | 411 | |
| Build / train | 194 | |
| Enter build submenu | 51 | |
| Enter hero's abilities submenu | 15 | |
| Give item / drop item | 11 | |
| Right click | 1888 | |
| Select / deselect | 555 | |
| Select group hotkey | 1227 | |
| Use ability | 361 | |
4776 total
» units
| Peasant | 16 | |
| Footman | 4 | |
| Goblin Shredder | 2 | |
| Goblin Zeppelin | 4 | |
| Sorceress | 1 | |
| Gryphon Rider | 8 | |
| Dragonhawk Rider | 7 | |
42 total
» upgrades
| Swords | 3 | |
| Masonry | 3 | |
| Sorceress Training | 2 | |
| Armor | 3 | |
| Animal War Training | 1 | |
| Storm Hammers | 1 | |
| Cloud | 1 | |
| Plating | 3 | |
| Gunpowder | 3 | |
| Magic Sentry | 1 | |
| Lumber Harvesting | 2 | |
| Backpack | 1 | |
| Long Rifles | 1 | |
| Defend | 1 | |
| Control Magic | 1 | |
| Priest Training | 1 | |
28 total
» buildings
| Altar of Kings | 1 | |
| Barracks | 1 | |
| Farm | 8 | |
| Blacksmith | 1 | |
| Arcane Vault | 1 | |
| Lumber Mill | 2 | |
| Town Hall | 2 | |
| Keep | 3 | |
| Scout Tower | 39 | |
| Guard Tower | 37 | |
| Arcane Sanctum | 1 | |
| Castle | 4 | |
| Gryphon Aviary | 9 | |
109 total
» build order
00:37 Altar of Kings
00:39 Barracks
00:49 Farm
01:05 Farm
01:45 Farm
02:23 Farm
02:41 Blacksmith
02:44 Arcane Vault
03:06 Lumber Mill
03:53 Town Hall
05:22 Keep
05:22 Keep
06:30 Scout Tower
06:33 Scout Tower
06:36 Scout Tower
07:27 Guard Tower
07:27 Guard Tower
07:28 Guard Tower
07:28 Guard Tower
07:31 Scout Tower
07:32 Scout Tower
07:47 Arcane Sanctum
08:23 Castle
08:23 Castle
08:24 Castle
10:24 Guard Tower
10:24 Guard Tower
10:24 Guard Tower
10:27 Scout Tower
10:27 Scout Tower
10:28 Scout Tower
11:33 Town Hall
11:36 Scout Tower
11:37 Scout Tower
11:38 Scout Tower
11:39 Scout Tower
11:40 Scout Tower
11:42 Scout Tower
11:43 Scout Tower
11:43 Scout Tower
11:44 Scout Tower
11:45 Scout Tower
11:46 Scout Tower
11:47 Scout Tower
11:48 Scout Tower
11:50 Scout Tower
11:51 Scout Tower
13:01 Guard Tower
13:13 Guard Tower
13:14 Guard Tower
13:35 Gryphon Aviary
13:37 Gryphon Aviary
13:39 Gryphon Aviary
13:39 Gryphon Aviary
13:41 Gryphon Aviary
13:42 Gryphon Aviary
14:11 Guard Tower
14:50 Guard Tower
14:50 Guard Tower
14:55 Scout Tower
14:56 Scout Tower
14:59 Scout Tower
15:00 Scout Tower
15:49 Scout Tower
15:50 Scout Tower
15:51 Scout Tower
15:58 Scout Tower
16:00 Scout Tower
16:06 Scout Tower
16:11 Scout Tower
16:11 Scout Tower
16:12 Scout Tower
16:13 Scout Tower
16:17 Scout Tower
16:22 Scout Tower
16:31 Guard Tower
16:32 Guard Tower
16:32 Guard Tower
16:37 Guard Tower
16:37 Guard Tower
16:37 Guard Tower
16:57 Guard Tower
16:58 Guard Tower
16:58 Guard Tower
16:59 Guard Tower
16:59 Guard Tower
17:00 Guard Tower
18:22 Guard Tower
18:22 Guard Tower
19:04 Lumber Mill
21:10 Gryphon Aviary
21:13 Gryphon Aviary
23:23 Gryphon Aviary
23:30 Farm
26:13 Farm
26:14 Farm
26:18 Farm
» items
| Scroll of Regeneration | 5 | |
| Mechanical Critter | 9 | |
| Staff of Teleportation | 2 | |
| Tome of Retraining | 1 | |
| Potion of Invisibility | 2 | |
| Boots of Speed | 1 | |
| Periapt of Vitality | 1 | |
| Potion of Lesser Invulnerability | 1 | |
| Potion of Healing | 5 | |
| Lesser Clarity Potion | 1 | |
| Scroll of Town Portal | 2 | |
30 total

»
SiMpLiCiTy (
yellow | 42 APM | 1727 actions | 41:03)
7 Tauren Chieftain
3 Endurance Aura
1 War Stomp
2 Shockwave
1 Reincarnation
6 Blademaster
2 Wind Walk
3 Critical Strike
1 Bladestorm
2 Goblin Tinker
1 Engineering Upgrade
1 Pocket Factory
» actions
| Assign group hotkey | 16 | |
| Basic commands | 2 | |
| Build / train | 122 | |
| Enter build submenu | 43 | |
| Enter hero's abilities submenu | 15 | |
| Give item / drop item | 2 | |
| Remove unit from queue | 3 | |
| Right click | 707 | |
| Select / deselect | 611 | |
| Select group hotkey | 97 | |
| Use ability | 108 | |
1727 total
» units
| Peon | 19 | |
| Grunt | 2 | |
| Troll Headhunter/Berserker | 36 | |
| Goblin Zeppelin | 3 | |
| Shaman | 8 | |
| Troll Witch Doctor | 3 | |
| Goblin Shredder | 1 | |
72 total
» upgrades
| Ranged Weapons | 3 | |
| Armor | 3 | |
| Troll Regeneration | 1 | |
| Shaman Training | 2 | |
| Witch Doctor Training | 2 | |
| Berserker Upgrade | 1 | |
| Spiked Barricades | 3 | |
| Reinforced Defenses | 1 | |
16 total
» buildings
| Orc Burrow | 12 | |
| Altar of Storms | 1 | |
| Barracks | 1 | |
| War Mill | 1 | |
| Voodoo Lounge | 1 | |
| Stronghold | 2 | |
| Great Hall | 3 | |
| Spirit Lodge | 2 | |
| Fortress | 1 | |
| Watch Tower | 18 | |
42 total
» build order
00:29 Orc Burrow
01:05 Altar of Storms
01:41 Barracks
01:46 War Mill
02:01 Orc Burrow
02:53 Orc Burrow
03:48 Voodoo Lounge
04:03 Stronghold
05:44 Great Hall
06:35 Spirit Lodge
06:39 Spirit Lodge
08:39 Fortress
14:31 Orc Burrow
16:21 Watch Tower
16:22 Watch Tower
16:24 Watch Tower
16:25 Watch Tower
16:27 Watch Tower
17:07 Orc Burrow
17:11 Orc Burrow
17:55 Orc Burrow
18:06 Orc Burrow
18:11 Orc Burrow
18:14 Watch Tower
18:58 Watch Tower
19:01 Watch Tower
19:44 Watch Tower
19:45 Watch Tower
19:45 Watch Tower
20:11 Watch Tower
20:11 Watch Tower
20:15 Watch Tower
20:47 Watch Tower
20:49 Watch Tower
20:54 Watch Tower
20:55 Watch Tower
21:33 Orc Burrow
24:00 Orc Burrow
26:31 Orc Burrow
29:36 Great Hall
34:09 Great Hall
» items
| Orb of Lightning | 2 | |
| Scroll of Town Portal | 2 | |
| Orb of Corruption | 2 | |
| Potion of Healing | 2 | |
| Tiny Great Hall | 1 | |
9 total
Chat log
(00:08 / All) FuccBoi: red a fucc boi faggot
(00:18 / All) FuccBoi: red u a lil bitch lel
(00:25 / All) FuccBoi: you ain't shit fcc boi
(00:37 / All) pasjfhsaldsh: u SUK
(00:44 / All) FuccBoi: u do lil bitch nigga
(00:46 / All) FuccBoi: fucc nigga
(01:00 / All) FuccBoi: im finna rape yo assho
(01:15 / All) pasjfhsaldsh: finna?
(01:25 / All) SiMpLiCiTy: all im getting from this is these two are the same person
(01:28 / All) FuccBoi: u speak english? i finna rape yo assho
(01:48 / All) pasjfhsaldsh: imma cap yo ass
(01:57 / All) FuccBoi: talk is cheap fucc nigga
(02:07 / All) thatdudeagain: im coming for you orange
(02:08 / All) 333333333333333: Red is the colour of a commie
(02:11 / All) 333333333333333: I smell a big fat commie rat
(02:22 / All) thatdudeagain: red is the colour of canada
(02:22 / All) Solo_Newbs: AR16 or AK47
(02:25 / All) thatdudeagain: the best country
(02:29 / All) thatdudeagain: C7
(02:31 / All) Solo_Newbs: which one?
(02:42 / All) thatdudeagain: c7
(02:52 / All) Solo_Newbs: Semtex is best
(02:56 / All) pasjfhsaldsh: naw imma beat him down with a stick
(03:10 / All) Solo_Newbs: use Semtex
(03:33 / All) Solo_Newbs: Semtex Termite is Best
(03:39 / All) Solo_Newbs: Melts Steel
(03:42 / All) thatdudeagain: your moms the best
(04:03 / All) Solo_Newbs: Termite goes straight through steel
(04:11 / All) thatdudeagain: my dick went through your mom
(04:52 / Allies) SiMpLiCiTy: units plan?
(04:57 / Allies) 333333333333333: I got air
(04:58 / Allies) SiMpLiCiTy: purple
(04:58 / All) Solo_Newbs: Termite cuts straight through steel Semtex
(05:01 / Allies) SiMpLiCiTy: what you getting
(05:19 / Allies) SiMpLiCiTy: purp?
(05:27 / Allies) Solo_Newbs: ground
(05:33 / Allies) SiMpLiCiTy: melle or aa
(06:18 / All) pasjfhsaldsh: ha bich
(06:44 / Allies) SiMpLiCiTy: im getting bezerks casters
(06:52 / All) FuccBoi: llol
(06:55 / All) FuccBoi: did you eve get a peon
(06:59 / All) 4v4rt: na
(07:00 / All) 4v4rt: he didn't
(07:07 / All) Solo_Newbs: check the replay
(07:14 / All) Solo_Newbs: your eyes have failed
(07:18 / All) FuccBoi: dumb fucc nigga
(07:26 / All) Solo_Newbs: bitch nigger please
(11:21 / Allies) pasjfhsaldsh: pink units?
(11:34 / Allies) 333333333333333: air
(13:16 / All) FuccBoi: Red is a mher
(13:24 / All) SiMpLiCiTy: lmfao yeah
(14:00 / All) dbroadhu: GO HIT
(14:08 / All) 333333333333333: thanks for the warning lol
(14:54 / All) SiMpLiCiTy: lmfao
(17:05 / Allies) pasjfhsaldsh: all mass towers?
(17:19 / Allies) SiMpLiCiTy: re
(17:47 / All) Solo_Newbs: gg
(17:56 / Allies) pasjfhsaldsh: ?
(18:08 / Allies) pasjfhsaldsh: where armies??
(18:20 / Allies) SiMpLiCiTy: blues getting chims
(18:24 / Allies) SiMpLiCiTy: or not
(19:01 / All) Solo_Newbs: holding them down
(19:03 / All) Solo_Newbs: all day
(19:13 / All) Solo_Newbs: newbs like to defend
(19:16 / Allies) pasjfhsaldsh: meet
(20:36 / All) FuccBoi: mheh
(20:39 / Allies) SiMpLiCiTy: HOT
(20:49 / All) FuccBoi: can't hhack skills
(21:12 / All) pasjfhsaldsh: i hack thats why i got ambushed twice
(21:15 / Allies) SiMpLiCiTy: where the fuck is armis
(21:25 / Allies) SiMpLiCiTy: lets go
(21:29 / All) pasjfhsaldsh: use ur bnrains boi
(21:50 / Allies) SiMpLiCiTy: we need to take out oj
(21:52 / Allies) SiMpLiCiTy: period
(21:55 / Allies) pasjfhsaldsh: can we meet and attack?
(22:04 / Allies) Solo_Newbs: I already carried you newbs
(22:08 / Allies) Solo_Newbs: the rest is easy
(22:13 / Allies) pasjfhsaldsh: WHERE IS PINK?>?
(22:25 / Allies) pasjfhsaldsh: 13k lol
(22:26 / Allies) 333333333333333: pro hero harass
(22:31 / All) FuccBoi: mh lawl
(22:45 / All) Solo_Newbs: I carried you newbs the rest is easy
(23:27 / Allies) pasjfhsaldsh: nice
(23:34 / Allies) Solo_Newbs: wat
(23:42 / Allies) pasjfhsaldsh: yelow
(23:54 / Allies) SiMpLiCiTy: lets roll
(24:07 / Allies) 333333333333333: you are 12-10 lol barely 50%
(24:25 / Allies) Solo_Newbs: I carried you newbs hard
(24:28 / Allies) Solo_Newbs: so easy
(25:08 / All) Solo_Newbs: gg, had to carry these newbs
(25:11 / All) Solo_Newbs: easy victory
(25:39 / Allies) pasjfhsaldsh: b
(25:48 / All) 4v4rt: suck a dick
(25:56 / All) Solo_Newbs: I always carry newbs
(26:02 / All) Solo_Newbs: to a easy victory
(26:33 / All) pasjfhsaldsh: ill watch replay of purps strikes
(26:39 / All) SiMpLiCiTy: ^
(26:39 / All) pasjfhsaldsh: but what is pink doing
(26:51 / Allies) pasjfhsaldsh: haha nice
(26:54 / All) Solo_Newbs: I carried all three of these newbs
(26:59 / All) Solo_Newbs: so easy
(27:00 / All) pasjfhsaldsh: ur getting handles by 2 heroes haha
(27:22 / All) 333333333333333: every single burrow lawl
(27:35 / All) pasjfhsaldsh: sry pink u are guud
(27:53 / All) 333333333333333: I'm messing around lawl
(27:55 / All) SiMpLiCiTy: pinks gold rn lmao
(28:10 / All) Solo_Newbs: because I carry
(28:11 / All) pasjfhsaldsh: pinks got paper up his ass
(29:04 / All) pasjfhsaldsh: lol aa only no anticaster
(29:58 / All) 333333333333333: I really don't like purple
(29:59 / Allies) SiMpLiCiTy: idc enough to tp
(30:01 / Allies) SiMpLiCiTy: kill oj
(30:03 / All) 333333333333333: He doesn't recognise the MvP of our team
(30:25 / All) Solo_Newbs: pink sat back and watched My performane
(30:27 / All) Solo_Newbs: C
(30:29 / All) Solo_Newbs: like a newb
(30:40 / All) 333333333333333: Performance is just starting, babe
(31:03 / All) Solo_Newbs: jealous newb
(31:14 / All) Solo_Newbs: pink is jealous of Me
(31:16 / All) 333333333333333: No jealousy
(31:19 / All) 333333333333333: I know I'm better
(31:26 / Allies) Solo_Newbs: dude you are jealous
(31:30 / All) 333333333333333: Hence why you won't be able to stop me from exterminating your entire team and giving you a loss
(31:31 / All) Solo_Newbs: get off My nuts
(31:33 / All) thatdudeagain: lol
(31:36 / All) thatdudeagain: teal is running around
(31:39 / All) thatdudeagain: doing nothing
(31:50 / All) thatdudeagain: you beat us 2vs 4
(31:51 / All) thatdudeagain: then ya
(31:53 / All) thatdudeagain: your great
(31:56 / All) thatdudeagain: but man
(31:59 / All) thatdudeagain: $this team sucks
(32:00 / All) thatdudeagain: balls
(32:11 / All) Solo_Newbs: pink is a just a jealous pussy
(32:22 / Allies) pasjfhsaldsh: what do u mean
(32:28 / All) 333333333333333: why would I be jealous of a 12-10 player?
(32:33 / All) Solo_Newbs: pink is a she not a he
(32:50 / Allies) SiMpLiCiTy: pink can you gold me possible?
(32:51 / Allies) SiMpLiCiTy: haha
(32:55 / Allies) 333333333333333: No but I can kill you
(32:57 / Allies) pasjfhsaldsh: b
(32:59 / Allies) Solo_Newbs: pink is a female
(33:00 / Allies) SiMpLiCiTy: okay
(33:02 / All) Solo_Newbs: not a he male
(33:07 / All) Solo_Newbs: girls always
(33:21 / All) Solo_Newbs: get jealous
(33:27 / All) 333333333333333: You are nothing but a rat to me
(33:28 / All) 333333333333333: vermin
(33:30 / Allies) SiMpLiCiTy: purple pink all the way
(33:35 / All) 4v4rt: pink
(33:40 / All) 4v4rt: that was epic
(33:46 / All) Solo_Newbs: change your user name pink
(33:52 / All) Solo_Newbs: jealous girl
(33:55 / All) 333333333333333: I'm soloing newbs right now, my team
(34:15 / All) Solo_Newbs: pink is a jealous vagina girl
(34:25 / All) 333333333333333: you're just a vagina
(34:49 / Allies) SiMpLiCiTy: why pink
(34:50 / Allies) SiMpLiCiTy: why me?
(34:51 / All) Solo_Newbs: doubt you would be saying that in person
(35:01 / All) Solo_Newbs: before you get put into the ground
(35:07 / All) Solo_Newbs: ground and poun
(35:09 / Allies) 333333333333333: You're on purple's team, that's why yellow
(35:12 / All) Solo_Newbs: ground and pound
(35:13 / Allies) pasjfhsaldsh: pink stop
(35:24 / All) Solo_Newbs: ground and pound
(35:33 / All) Solo_Newbs: if you see pink next time
(35:39 / All) Solo_Newbs: ground and pound that bitch
(35:42 / All) 333333333333333: You want to fight me IRL purple? lol
(35:43 / All) Solo_Newbs: knock her out
(35:48 / All) 333333333333333: You couldn't "ground and pound" me if you wanted to
(35:49 / All) SiMpLiCiTy: i do pink
(35:53 / All) SiMpLiCiTy: lmfao
(35:54 / All) 333333333333333: I'm ground and pounding you, yellow, and red all at once
(35:55 / All) Solo_Newbs: because you hide
(35:56 / All) SiMpLiCiTy: fat fuck
(36:00 / All) 333333333333333: I'm not hiding
(36:02 / All) 333333333333333: I was right in your base
(36:03 / All) Solo_Newbs: hide more
(36:06 / All) 333333333333333: now I'm ride in yellow's
(36:08 / All) 333333333333333: and you're both dead
(36:10 / All) SiMpLiCiTy: name and address
(36:12 / All) Solo_Newbs: ground and pound pink
(36:15 / All) Solo_Newbs: knock that bitch out
(36:20 / Allies) pasjfhsaldsh: stop
(36:27 / All) Solo_Newbs: when you see pink
(36:29 / All) FuccBoi: red you such a babyback bitch
(36:32 / All) FuccBoi: raped nukka
(36:33 / All) Solo_Newbs: ground and pound that bitch
(36:37 / All) Solo_Newbs: knock her out
(36:47 / All) SiMpLiCiTy: you guys realize pink and oj are same person correct
(37:05 / All) 333333333333333: you want my address?
(37:07 / All) SiMpLiCiTy: you all do know that right?
(37:09 / All) SiMpLiCiTy: yes
(37:13 / Allies) pasjfhsaldsh: stop him
(37:17 / Allies) pasjfhsaldsh: hes taking our base
(37:18 / All) FuccBoi: get out muthafukka
(37:20 / All) Solo_Newbs: ground and pound
(37:25 / All) 333333333333333: Landsberger Allee 101 13055
(37:27 / All) 333333333333333: berlin
(37:27 / All) FuccBoi: dis my gold mine bitch
(37:28 / All) 333333333333333: Germany
(37:29 / All) FuccBoi: fucc boi
(37:40 / All) SiMpLiCiTy: yeah not flying to germany to kick your ass
(37:40 / All) 333333333333333: come and say hi
(37:48 / All) 333333333333333: what's your build and height?
(38:02 / All) Solo_Newbs: doubt That RUSSIA will destroy germany
(38:02 / Allies) pasjfhsaldsh: ???Q@!
(38:06 / All) SiMpLiCiTy: 5'11 175 5.6% body fat
(38:07 / All) 4v4rt: pink
(38:08 / All) 4v4rt: ur t strog
(38:09 / All) Solo_Newbs: just like they raped your women
(38:12 / All) 333333333333333: 5'11 lol
(38:14 / All) 333333333333333: manlet
(38:14 / All) Solo_Newbs: world war 2
(38:24 / All) Solo_Newbs: RUSSIA will destroy germany
(38:26 / All) SiMpLiCiTy: hop on over bud
(38:33 / All) SiMpLiCiTy: russia is broke purple stfu
(38:43 / All) Solo_Newbs: Activate The RUSSIAN WAR MACHINE
(38:50 / All) Solo_Newbs: RUSSIA will destroy germany
(38:54 / Allies) pasjfhsaldsh: lol
(39:01 / All) Solo_Newbs: MOTHER RUSSIA
(39:10 / Allies) pasjfhsaldsh: expert player asshat
(39:13 / All) Solo_Newbs: Activate The RUSSIAN WAR MACHINE
(39:20 / All) Solo_Newbs: RUSSIA will destroy germany
(39:35 / Allies) pasjfhsaldsh: u beat them with 2 heroes should be a priud vic
(39:40 / All) Solo_Newbs: RUSSIA will destrroy germany
(39:41 / Allies) pasjfhsaldsh: proud*
(39:59 / All) Solo_Newbs: THE RUSSIAN WAR MACHINE HAS BEEN ACTIVATED
(40:08 / All) Solo_Newbs: RUSSIA WILL DESTROY germany
(40:10 / All) SiMpLiCiTy: lmfao
(40:18 / All) SiMpLiCiTy: you saw the towers stop attacking pink right
(40:30 / All) SiMpLiCiTy: yeah exacytly lmfao
(40:34 / All) Solo_Newbs: RUSSIA WILL DESTROY germany
(40:43 / All) Solo_Newbs: ACTIVATE THE RUSSIAN WAR MACHINE
(40:44 / All) 333333333333333: Purple rotates the one thing he can say
(40:57 / All) Solo_Newbs: pink got scared
(41:01 / All) Solo_Newbs: hahahahhahahahah
(41:04 / All) 333333333333333: uh no
(41:10 / All) 333333333333333: I gave up chasing a warden with level 3 blink
(41:20 / All) thatdudeagain: ya its so much fun
(42:13 / Allies) pasjfhsaldsh: make tiny hall with yellow so i can rebuild
(42:19 / Allies) 333333333333333: why would I do that
(43:02 / All) 4v4rt: fuk
(43:55 / All) 333333333333333: that gave me a level on both my heroes lawl
(44:38 / All) thatdudeagain: im going for a smoke
(46:40 / All) 333333333333333: lol
(46:59 / All) 333333333333333: killed 1 hawk
(46:59 / All) 333333333333333: lol
(47:10 / All) 4v4rt: fuck yh
(48:04 / All) FuccBoi: blue was a playa hatah f'real ya feel me
(48:09 / All) FuccBoi: but i dont play dat shit i keep it real
(49:38 / All) 4v4rt: i think w ewon
(49:46 / All) FuccBoi: rocky raccoon
(49:51 / All) FuccBoi: been with me since the early days
(49:56 / All) FuccBoi: before i was a superstar
(50:13 / All) 4v4rt: yo bro
(50:14 / All) 4v4rt: plz
(50:15 / All) 4v4rt: leave
(50:34 / All) 333333333333333: lawl
(50:37 / All) 333333333333333: teal thinks you are on his side
(50:47 / All) FuccBoi: we teammates
(50:49 / All) 4v4rt: me and oj are chill
(50:49 / All) FuccBoi: we allies
(51:02 / All) 4v4rt: we know whats its like to be in struggle
(51:04 / All) FuccBoi: blizzard says we allies
(51:06 / All) 4v4rt: but right now
(51:11 / All) 4v4rt: we out of it
(52:54 / All) 333333333333333: nothing in this game is more powerful than a t3 human army with mass tp, critters everywhere plus maphack
(53:15 / All) 4v4rt: tru
(53:34 / All) 4v4rt: whos ganna wn
(53:51 / All) FuccBoi: red a fucc boi
(53:54 / All) FuccBoi: but he 0-0
(53:58 / All) 4v4rt: fuk me
(54:00 / All) 333333333333333: That's for you two decide
(54:01 / All) FuccBoi: so looks like you gotta lose dawg
(54:06 / All) FuccBoi: sorry bout ur luck
(54:07 / All) 333333333333333: or not nvm
(54:07 / All) 4v4rt: honstly
(54:08 / All) 333333333333333: no standoff
(54:09 / All) FuccBoi: shiiiieeet
(54:17 / All) 4v4rt: im 3 wins away from my 350 icon
(54:19 / All) 4v4rt: that i never got
(54:21 / All) 4v4rt: in my life
(54:25 / All) 333333333333333: lawl
(54:27 / All) 4v4rt: and i always quit
(54:29 / All) 333333333333333: well you can get that pretty fast
(54:30 / All) 4v4rt: let me win
(54:31 / All) 4v4rt: plz
(54:38 / All) 333333333333333: I've never gotten a high icon before, I just recycle accounts
(54:44 / All) 4v4rt: yeha
(54:45 / All) 4v4rt: well
(54:47 / All) FuccBoi: i only ever had 25 win icons
(54:48 / All) 4v4rt: hook a nigga up
(54:55 / All) 4v4rt: i really want this icon
(54:59 / All) 4v4rt: and this games been an hour
(55:01 / All) FuccBoi: nothin doin dawg
(55:04 / All) 333333333333333: Well
(55:05 / All) FuccBoi: u gotta lose
(55:08 / All) FuccBoi: bad for business to be nice
(55:10 / All) 333333333333333: I want my team to lose
(55:20 / All) 333333333333333: if you leave we'll give my team a loss
(55:22 / All) FuccBoi: da other christmas grinches will no longer respect me
(55:24 / All) 333333333333333: but if you stay you have to lose
(55:29 / All) FuccBoi: like that sell out sucka in whoville
(55:35 / All) 4v4rt: if i leave I lose
(55:40 / All) 333333333333333: if you leave you get a tie
(55:43 / All) 333333333333333: if you stay you get a loss
(56:00 / All) 4v4rt: waht
(56:09 / All) 333333333333333: if you leave you can get a tie, no harm on your record
(56:09 / All) 4v4rt: ima just go afk
(56:11 / All) 333333333333333: but if you stay you lose
(56:13 / All) 4v4rt: and hopefully come back to win
(56:18 / All) 333333333333333: god dammit
(56:46 / All) 4v4rt: i've never encountered a game like this
(56:47 / All) 4v4rt: in my life
(56:48 / All) 4v4rt: Lol
(56:53 / All) 333333333333333: We do this all the time
(56:58 / All) 333333333333333: but we usually go on hiatus a few months once in a while
(57:02 / All) 4v4rt: you guys friends
(57:07 / All) 333333333333333: yeah
(57:09 / All) 4v4rt: oh
(57:10 / All) 4v4rt: damn
(57:15 / All) 4v4rt: can you hook it up
(57:22 / All) 4v4rt: i really want this win
(57:23 / All) 4v4rt: lol
(57:25 / All) 333333333333333: I really want my team to lose
(57:29 / All) 4v4rt: ok
(57:32 / All) 4v4rt: sounds good
(57:33 / All) 333333333333333: because purp is a fag
(57:39 / All) 333333333333333: but you ahve to leave
(57:42 / All) 333333333333333: leave you get a tie
(57:44 / All) 333333333333333: stay you get a loss
(57:48 / All) 4v4rt: all this time
(57:49 / All) 4v4rt: i want a win
(57:50 / All) 4v4rt: :[
(57:53 / All) 4v4rt: i send 3.00 paypal
(57:56 / All) 333333333333333: a tie is better than a loss
(57:57 / All) 4v4rt: give me ur paypal
(58:13 / All) FuccBoi: u rich fucc boi?
(58:18 / All) FuccBoi: 3000 pesos?
(58:20 / All) 4v4rt: yh
(58:22 / All) 333333333333333: I'll give you a win for $5
(58:28 / All) 4v4rt: alright
(58:31 / All) 4v4rt: five dollars
(58:44 / All) FuccBoi: you gotta pay me 20
(60:58 / All) FuccBoi: 20 bucks
(61:03 / All) FuccBoi: send him 5
(61:07 / All) FuccBoi: and you send me 20
(61:09 / All) FuccBoi: you get a win